 Dungeon Crawl Stone Soup version 0.25.1-8-g42b30a86e7 (webtiles) character file.

Game seed: 13664796551638689458

7494 hawla the Thaumaturge (level 10, 0/60 HPs)
             Began as a Deep Elf Conjurer on Dec 15, 2020.
             Was a Follower of Vehumet.
             Succumbed to an orc's poison
             ... on level 9 of the Dungeon.
             The game lasted 00:39:08 (13387 turns).

hawla the Thaumaturge (Deep Elf Conjurer)          Turns: 13387, Time: 00:39:09

Health: 0/60       AC:  9    Str:  6    XL:     10   Next: 95%
Magic:  8/26       EV: 17    Int: 23    God:    Vehumet [*.....]
Gold:   588        SH:  0    Dex: 15    Spells: 13/30 levels left

rFire    + . .     SeeInvis +   h - +1 quarterstaff
rCold    . . .     Gourm    .   (shield currently unavailable)
rNeg     . . .     Faith    .   a - +0 robe
rPois    .         Spirit   .   (no helmet)
rElec    .         Reflect  .   o - +0 cloak
rCorr    .         Harm     .   v - +1 pair of gloves (curse)
MR       ++...                  (no boots)
Stlth    +++.......             (no amulet)
HPRegen  0.20/turn              d - ring of see invisible
MPRegen  0.20/turn              u - +4 ring of protection

@: lethally poisoned (0 -> -7), very slightly contaminated, slowed, invisible,
very slow
A: talons 1, fire resistance 1, magic resistance 1
a: Renounce Religion


You were on level 9 of the Dungeon.
You worshipped Vehumet.
Vehumet was aware of your devotion.
You were hungry.

You visited 2 branches of the dungeon, and saw 10 of its levels.
You also visited: Sewer.

You collected 588 gold pieces.

Inventory:

Hand Weapons
 h - a +1 quarterstaff (weapon)
Missiles
 n - 43 poisoned darts (quivered)
 t - 6 boomerangs
 y - 5 datura-tipped darts
 E - 6 curare-tipped darts
Armour
 a - a +0 robe (worn)
 o - a +0 cloak (worn)
 v - a cursed +1 pair of gloves (worn)
Jewellery
 d - a ring of see invisible (left hand)
 k - an uncursed amulet of faith
 u - a +4 ring of protection (right hand)
Wands
 l - a wand of paralysis (7)
 B - a wand of polymorph (7)
 C - a wand of acid (10)
Scrolls
 b - a scroll of magic mapping
 f - a scroll of amnesia
 g - 5 scrolls of teleportation
 i - 6 scrolls of remove curse
 m - 3 scrolls of fog
 p - a scroll of enchant armour
 q - a scroll of identify
Potions
 e - a potion of brilliance
 j - 4 potions of flight
 x - 2 potions of magic
 z - a potion of might
 A - a potion of haste
Comestibles
 c - 19 rations


   Skills:
 + Level 5.8 Fighting
 - Level 6.0 Staves
 - Level 8.0 Dodging
 - Level 6.0 Stealth
 + Level 10.9 Spellcasting
 - Level 7.1 Conjurations
 - Level 5.7 Translocations
 - Level 1.6 Transmutations
 - Level 1.5 Fire Magic
 + Level 3.2 Poison Magic
 - Level 1.0 Evocations


You had 13 spell levels left.
You knew the following spells:

 Your Spells              Type           Power        Failure   Level  Hunger
a - Magic Dart            Conj           ####         1%          1    None
b - Searing Ray           Conj           #####.       1%          2    None
c - Iskenderun's Mystic   Conj/Tloc      #####...     3%          4    None
d - Apportation           Tloc           #####.       1%          1    None
e - Olgreb's Toxic Radia  Pois           ####....     13%         4    None
f - Ignite Poison         Fire/Tmut/Pois ###.....     6%          3    None
g - Shroud of Golubria    Chrm/Tloc      ####..       2%          2    None

Your spell library contained the following spells:

 Spells                   Type           Power        Failure   Level  Hunger
 Shock                    Conj/Air       ####         1%          1    None
 Sting                    Tmut/Pois      ###.         1%          1    None
 Dazzling Flash           Conj/Hex       ####..       3%          3    None
 Mephitic Cloud           Conj/Pois/Air  ####....     3%          3    None
 Poisonous Vapours        Pois/Air       ###...       4%          2    None
 Animate Skeleton         Necr           N/A          5%          1    None
 Corona                   Hex            ##.....      5%          1    None
 Infusion                 Chrm           ##..         5%          1    None
 Summon Small Mammal      Summ           ##..         5%          1    None
 Song of Slaying          Chrm           ##......     8%          2    None
 Fulminant Prism          Conj/Hex       ####......   12%         4    None
 Ozocubu's Armour         Chrm/Ice       ##......     16%         3    None
 Spectral Weapon          Hex/Chrm       ##......     16%         3    None


Dungeon Overview and Level Annotations

Branches:
Dungeon (9/15)             Temple (1/1) D:4             Orc (0/2) D:9
  Sewer (visited)
   Lair: D:8-11

Altars:
Ashenzari
Cheibriados
Dithmenos
Elyvilon
Fedhas
Gozag
Hepliaklqana
Kikubaaqudgha
Makhleb
Okawaru
Qazlal
Ru
Sif Muna
Trog
Uskayaw
Vehumet
Wu Jian
Xom
Yredelemnul
Zin
The Shining One

Shops:
D:5 (   D:9 [

Annotations:
D:1 Food and money, surrounded by fire.
D:5 2 transporters


Innate Abilities, Weirdness & Mutations

You have sharp toenails.
Your flesh is heat resistant. (rF+)
You are resistant to hostile enchantments. (MR+)


Message History

* * * LOW HITPOINT WARNING * * *
You feel very sick.
* * * LOW HITPOINT WARNING * * *
You feel sick.
* * * LOW HITPOINT WARNING * * *
You feel sick.
Okay, then.
Okay, then.
* * * LOW HITPOINT WARNING * * *
You feel sick.
Found a dagger.
* * * LOW HITPOINT WARNING * * *
You feel sick.
* * * LOW HITPOINT WARNING * * *
You feel sick.
* * * LOW HITPOINT WARNING * * *
You feel sick.
* * * LOW HITPOINT WARNING * * *
You feel sick.
You die...

#......_.#.).
#.....#........#...
#....##..##....#).)
#....##.. #[..##.)#
#.....#. #...##..#
#.....# #...##...
#.)...# .........
#....# ##........
#.@..# #........
#....# .........
#....# ....^....
#....# #........
#....# ..>.....
#....# #....#
#....# #....#


There were no monsters in sight!

Vanquished Creatures
  A two-headed ogre (D:9)
  An unseen horror (D:9)
  Maggie (D:8)
  A troll (D:9)
  A hippogriff (D:9)
  2 wraiths (D:7)
  A human (D:8)
  4 hogs (D:8)
  3 hungry ghosts
  A water moccasin (D:9)
  3 orc warriors (D:9)
  3 ice beasts
  2 sky beasts
  2 ogres
  A black bear (D:6)
  A necrophage (D:8)
  3 centaurs
  5 big kobolds
  Blork the orc (D:5)
  4 bullfrogs
  An elf skeleton (D:7)
  2 scorpions
  10 killer bees
  A troll skeleton (D:7)
  2 howler monkeys (D:8)
  4 crimson imps
  5 human zombies (D:7)
  4 orc priests
  4 hounds
  6 orc wizards
  A centaur skeleton (D:9)
  An iguana (D:8)
  2 human skeletons (D:7)
  4 worker ants
  A killer bee zombie (D:8)
  A hound zombie (D:6)
  A mummy (D:7)
  A worker ant zombie (D:8)
  13 adders
  14 gnolls
  A howler monkey skeleton (D:9)
  2 river rats (Sewer)
  A hound simulacrum (D:9)
  2 shadow imps
  An adder skeleton (D:4)
  6 worms
  5 dart slugs
  2 leopard geckos
  44 orcs
  4 ball pythons (Sewer)
  5 giant cockroaches
  8 goblins
  3 hobgoblins
  8 jackals
  2 quokkas
  7 bats
  5 frilled lizards
  21 kobolds
  A leopard gecko skeleton (D:4)
  A quokka zombie (D:9)
  3 rats
251 creatures vanquished.

Vanquished Creatures (others)
  A goblin (D:1)
  A bat (D:1)
  A kobold (D:1)
3 creatures vanquished.

Grand Total: 254 creatures vanquished

Notes
Turn   | Place    | Note
-------+----------+-------------------------------------------
     0 | D:1      | hawla the Deep Elf Conjurer began the quest for the Orb.
     0 | D:1      | Reached XP level 1. HP: 10/10 MP: 6/6
   216 | D:1      | Reached XP level 2. HP: 16/16 MP: 4/8
   220 | D:1      | Learned a level 2 spell: Searing Ray
  1323 | D:2      | Reached skill level 4 in Spellcasting
  1323 | D:2      | Reached XP level 3. HP: 20/20 MP: 5/10
  1437 | D:2      | Found a shadowy altar of Dithmenos.
  2076 | D:3      | Reached skill level 5 in Spellcasting
  2134 | D:3      | Reached XP level 4. HP: 24/24 MP: 6/13
  2140 | D:3      | Learned a level 4 spell: Iskenderun's Mystic Blast
  2142 | D:3      | Learned a level 1 spell: Apportation
  2667 | D:3      | Reached skill level 1 in Translocations
  2969 | D:3      | Reached XP level 5. HP: 16/28 MP: 3/15
  3560 | D:4      | Reached skill level 5 in Conjurations
  3721 | D:4      | Found a staircase to the Ecumenical Temple.
  3749 | Temple   | Entered the Ecumenical Temple
  4236 | D:4      | Reached XP level 6. HP: 33/33 MP: 2/16
  4910 | D:5      | Entered Level 5 of the Dungeon
  5037 | D:5      | Noticed a sky beast
  5290 | D:5      | Killed a sky beast
  5290 | D:5      | Reached XP level 7. HP: 25/37 MP: 3/17
  5420 | D:5      | Reached skill level 5 in Translocations
  5508 | D:5      | Found a transporter.
  5538 | D:5      | Noticed an ancient zyme
  5607 | D:5      | Found Narri's Weapon Boutique.
  5876 | D:5      | Found an ornate altar of the Wu Jian Council.
  5902 | D:5      | Noticed Blork the orc
  5910 | D:5      | Killed Blork the orc
  6140 | D:5      | Reached skill level 1 in Fighting
  6452 | D:5      | Found a transporter.
  6762 | D:6      | Found a glowing drain.
  6773 | Sewer    | Entered a sewer
  6894 | Sewer    | Reached skill level 1 in Staves
  6894 | Sewer    | Reached skill level 6 in Spellcasting
  7027 | Sewer    | Reached XP level 8. HP: 43/43 MP: 15/19
  7345 | D:6      | Gained mutation: You are resistant to hostile enchantments.
                  | (MR+) [potion of mutation]
  7345 | D:6      | Gained mutation: You have sharp toenails. [potion of
                  | mutation]
  7345 | D:6      | Gained mutation: Your flesh is heat resistant. (rF+)
                  | [potion of mutation]
  8013 | D:6      | Found a blossoming altar of Fedhas.
  8228 | D:6      | Found a glowing silver altar of Zin.
  8318 | D:8      | Reached skill level 7 in Spellcasting
  8778 | D:7      | Reached skill level 5 in Stealth
  9034 | D:7      | Found a sacrificial altar of Ru.
  9040 | D:7      | Reached skill level 5 in Dodging
  9040 | D:7      | Reached skill level 8 in Spellcasting
  9040 | D:7      | Reached XP level 9. HP: 50/50 MP: 12/23
  9813 | D:7      | Found a basalt altar of Yredelemnul.
 10636 | D:8      | Reached skill level 9 in Spellcasting
 10775 | D:8      | Noticed Maggie
 10821 | D:8      | Killed Maggie
 11025 | D:8      | Reached XP level 10. HP: 52/58 MP: 15/25
 11571 | D:8      | Reached skill level 5 in Staves
 11575 | D:8      | Reached skill level 5 in Fighting
 11575 | D:8      | Reached skill level 10 in Spellcasting
 12007 | D:9      | Reached skill level 1 in Evocations
 12016 | D:9      | Learned a level 4 spell: Olgreb's Toxic Radiance
 12020 | D:9      | Learned a level 3 spell: Ignite Poison
 12187 | D:9      | Found a radiant altar of Vehumet.
 12189 | D:9      | Found Apan's Armour Boutique.
 12197 | D:9      | Became a worshipper of Vehumet
 12209 | D:9      | Found a staircase to the Orcish Mines.
 12329 | D:9      | Noticed a two-headed ogre
 12559 | D:9      | Reached skill level 1 in Poison Magic
 12575 | D:9      | Killed a two-headed ogre
 12575 | D:9      | Reached skill level 1 in Transmutations
 12575 | D:9      | Reached skill level 1 in Fire Magic
 12865 | D:9      | Noticed an unseen horror
 12868 | D:9      | Killed an unseen horror
 13013 | D:9      | Learned a level 2 spell: Shroud of Golubria
 13347 | D:9      | Identified the +7 mace of the Countless Xenops {vorpal,
                  | *Drain rElec rPois MP+9}
 13367 | D:9      | Reached * piety under Vehumet
 13367 | D:9      | Offered knowledge of Shock by Vehumet.
 13384 | D:9      | HP: 3/60 [poisoned by an orc]
 13386 | D:9      | HP: 1/60 [poisoned by an orc]
 13387 | D:9      | Succumbed to an orc's poison

Illustrated notes

Levels and vault maps discovered:
D:1:      dpeg_arrival_round_c, layout_basic, lemuel_flame_loot_1
D:2:      layout_basic, grunt_dithmenos_smoke_and_mirrors, st_stairs_5
D:3:      layout_basic, first_ration, kennysheep_generic_room_15
D:4:      layout_loops_ring, minmay_temple_entry_sparse_star
D:5:      layout_basic, kennysheep_mini_moat, serial_shops, shop_statue,
          gammafunk_ghost_abyssal_escape, uniq_blork_the_orc
D:6:      layout_loops_ring, kennysheep_little_box, marbit_many_paths,
          portal_sewer_entry_d, minmay_misc_feat_square
D:7:      layout_loops_ring, lemuel_mausoleum_altar_yredelemnul,
          nicolae_ru_sacrificial_ziggurat
D:8:      layout_layer_cave, grunt_livestock, uniq_maggie
D:9:      layout_gridville, overflow_temple_1_default, lemuel_doored_altar,
          orc_david_3, minmay_fractal_squares_gapless_7
Temple:   eino_temple_water

Skill      XL: |  1  2  3  4  5  6  7  8  9 10 |
---------------+-------------------------------+-----
Spellcasting   | 4 5 6 8 9 10 | 10.9
Translocations | 2 3 4 5 |  5.7
Conjurations   | 5 6 7 |  7.1
Stealth        | 3 5 6 |  6.0
Fighting       | 1 3 4 5 |  5.8
Dodging        | 3 5 6 8 |  8.0
Staves         | 1 3 4 6 |  6.0
Evocations     | 1 |  1.0
Poison Magic   | 3 |  3.2
Transmutations | 1 |  1.6
Fire Magic     | 1 |  1.5

Action                   |  1- 3 |  4- 6 |  7- 9 | 10-12 || total
-------------------------+-------+-------+-------+-------++-------
Melee: Unarmed           |     1 |       |       |       ||     1
       Quarterstaff      |       |       |    19 |     3 ||    22
       Kick              |       |       |     2 |       ||     2
 Cast: Magic Dart        |    53 |    49 |   106 |    43 ||   251
       Searing Ray       |    15 |    32 |    96 |    30 ||   173
       Apportation       |       |     8 |       |       ||     8
       Iskenderun's Myst |       |     7 |     9 |    12 ||    28
       Olgreb's Toxic Ra |       |       |       |     9 ||     9
       Ignite Poison     |       |       |       |     5 ||     5
       Shroud of Golubri |       |       |       |     1 ||     1
  Use: Scroll            |     7 |       |     7 |     7 ||    21
       Potion            |       |       |     3 |     6 ||     9
  Eat: Chunk             |     4 |     7 |    11 |     8 ||    30
       Ration            |       |     1 |     2 |       ||     3
Armor: Robe              |     1 |     4 |    25 |     8 ||    38
       Skin              |       |       |     4 |       ||     4
Dodge: Dodged            |     2 |    29 |    85 |    53 ||   169
